 Seeded DCSS version 0.28-a0-1447-ga5a8893 (webtiles) character file.

Game seed: 7271435782258530491 (custom seed)

5 Illumine the Cutter (level 1, -1/18 HPs)
             Began as a Formicid Monk on Jan 10, 2022.
             Slain by a hobgoblin (3 damage)
             ... on level 1 of the Dungeon.
             The game lasted 00:01:22 (462 turns).

Illumine the Cutter (Formicid Monk)                  Turns: 462, Time: 00:01:23

Health: -1/18      AC:  2    Str: 15    XL:     1   Next: 88%
Magic:  1/1        EV: 12    Int:  9    God:
Gold:   28         SH:  0    Dex: 13    Spells: 0/0 levels left

rFire   . . .      SeeInvis +   a - +0 short sword
rCold   . . .      Faith    .   (no shield)
rNeg    . . .      Spirit   .   b - +0 robe
rPois   .          Reflect  .   (helmet unavailable)
rElec   .          Harm     .   (no cloak)
rCorr   .          Rampage  .   (no gloves)
Will    .....                   (no boots)
Stlth   ++........              (no amulet)
HPRegen 0.06/turn               (no ring)
MPRegen 0.07/turn               (no ring)

@: no status effects
A: permanent stasis, dig shafts and tunnels, antennae 3, four strong arms
a: Dig, Shaft Self


You were on level 1 of the Dungeon.
You visited 1 branch of the dungeon, and saw 1 of its levels.

You collected 28 gold pieces.

Inventory:

Hand Weapons
 a - a +0 short sword (weapon)
Armour
 b - a +0 robe (worn)
 e - a +0 kite shield
Potions
 c - a potion of lignification {unknown}
 d - a potion of brilliance {unknown}


   Skills:
 - Level 3.2 Fighting
 * Level 3.3 Short Blades
 - Level 2.6 Dodging
 - Level 2.4 Stealth
 + Level 0.3 Shields


You couldn't memorise any spells.
You didn't know any spells.
Your spell library was empty.

Dungeon Overview and Level Annotations

Branches:
Dungeon (1/15)

Altars:


Innate Abilities, Weirdness & Mutations

You cannot be hasted, slowed, berserked, paralysed or teleported.
You can dig through walls and to a lower floor.
You have a pair of large antennae on your head. (SInv)
Your four strong arms can wield two-handed weapons with a shield.


Message History

The hobgoblin is almost dead.
The hobgoblin barely misses you.
You hit the hobgoblin.
You kill the hobgoblin!
You start resting.
HP restored.
You open the door.
There is an open door here.
There is an open door here.
You now have 28 gold pieces (gained 15).
You sense a monster nearby.
You sense a monster nearby.
A kobold comes into view. It is wielding a +0 whip.
The kobold shouts!
You hear a shout!
The kobold barely misses you.
A hobgoblin comes into view.
You hit the kobold but do no damage. The kobold hits you with a +0 whip.
You hit the kobold.
The kobold is heavily wounded.
The kobold closely misses you.
You barely miss the kobold.
The kobold is heavily wounded.
You closely miss the kobold.
The kobold is heavily wounded.
The kobold misses you.
You hit the kobold.
You kill the kobold!
The hobgoblin hits you. The hobgoblin closely misses you.
Things that are here:
a +0 whip; 4 stones; a kobold corpse You completely miss the hobgoblin.
The hobgoblin hits you.
You barely miss the hobgoblin. The hobgoblin closely misses you.
You hit the hobgoblin but do no damage. The hobgoblin hits you.
You closely miss the hobgoblin. The hobgoblin hits you.
* * * LOW HITPOINT WARNING * * *
The hobgoblin hits you.
* * * LOW HITPOINT WARNING * * *
You completely miss the hobgoblin. The hobgoblin hits you.
You die...

#..##.#....<....#
#...#...###.#...#
##..###..#..########
#....##.#..#......#
#..#....#....#.##.#
#######.###.##.#
#...#.#...#..#
#.#...#.###.##
#########...@####.##.#
###..g)......#
####.......# #.##.##.#
#.# # { #.# #.# {{{
#.# #..


You could see a hobgoblin.

Vanquished Creatures
  2 hobgoblins (D:1)
  A kobold (D:1)
  A quokka (D:1)
4 creatures vanquished.

Notes
Turn   | Place    | Note
-------+----------+-------------------------------------------
     0 | D:1      | Illumine the Formicid Monk began the quest for the Orb.
     0 | D:1      | Reached XP level 1. HP: 18/18 MP: 1/1
   462 | D:1      | Slain by a hobgoblin

Illustrated notes

Levels and vault maps discovered:
D:1:      psy_arrival_radial01, layout_loops_corners

Action                   || total
-------------------------++-------
Melee: Short sword       ||    27
Dodge: Dodged            ||    13

Table legend: (Time is in decaauts)
 A = Elapsed time spent in this place.
 B = Non-inter-level travel time spent in this place.
 C = Inter-level travel time spent in this place.
 D = Time resting spent in this place.
 E = Time spent auto-exploring this place.
 F = Levels seen in this place.
 G = Mean time per level.
                   A        B        C        D        E       F      G
               +--------+--------+--------+--------+--------+-----+--------+
         Total |    460 |    460 |      0 |    248 |    146 |   1 |  460.0 |
       Dungeon |    460 |    460 |      0 |    248 |    146 |   1 |  460.0 |
               +--------+--------+--------+--------+--------+-----+--------+

Top non-repeatable levels by time:
     D:1: 460 daAuts
